 Dungeon Crawl Stone Soup version 0.27-a0-1291-geefcff550b (webtiles) character file.

Game seed: 9665706363459306996

37 thriggle the Shield-Bearer (level 3, 0/29 HPs)
             Began as a Formicid Fighter on June 15, 2021.
             Slain by Sigmund (4 damage)
             ... on level 2 of the Dungeon.
             The game lasted 00:04:46 (1494 turns).

thriggle the Shield-Bearer (Formicid Fighter)       Turns: 1494, Time: 00:04:49

Health: 0/29       AC:  6    Str: 20    XL:     3   Next: 62%
Magic:  3/3        EV:  8    Int:  7    God:
Gold:   17         SH:  9    Dex: 11    Spells: 2/2 levels left

rFire    . . .     SeeInvis +   a - +0 trident
rCold    . . .     Faith    .   c - +0 kite shield
rNeg     . . .     Spirit   .   b - +0 scale mail
rPois    .         Reflect  .   (helmet unavailable)
rElec    .         Harm     .   (no cloak)
rCorr    .         Rampage  .   (no gloves)
Will     .....                  (no boots)
Stlth    ..........             (no amulet)
HPRegen  0.09/turn              (no ring)
MPRegen  0.08/turn              (no ring)

@: no status effects
A: permanent stasis, dig shafts and tunnels, antennae 3, four strong arms
a: Dig, Shaft Self


You were on level 2 of the Dungeon.
You visited 1 branch of the dungeon, and saw 2 of its levels.

You collected 62 gold pieces.
You spent 45 gold pieces at shops.

Inventory:

Hand Weapons
 a - a +0 trident (weapon)
Missiles
 g - 20 stones (quivered)
Armour
 b - a +0 scale mail (worn)
 c - a +0 kite shield (worn)
Scrolls
 h - a scroll of magic mapping
Potions
 d - a potion of might


   Skills:
 + Level 3.6 Fighting
 + Level 2.3 Polearms
 + Level 3.6 Armour
 + Level 1.0 Dodging
 + Level 1.3 Stealth
 + Level 3.8 Shields


You had 2 spell levels left.
You didn't know any spells.
Your spell library was empty.

Dungeon Overview and Level Annotations

Branches:
Dungeon (2/15)

Altars:

Shops:
D:1 ?

Annotations:
D:2 Sigmund


Innate Abilities, Weirdness & Mutations

You cannot be hasted, slowed, berserked, paralysed or teleported.
You can dig through walls and to a lower floor.
You have a pair of large antennae on your head. (SInv)
Your four strong arms can wield two-handed weapons with a shield.


Message History

You see here 17 gold pieces.
You now have 17 gold pieces.
The giant cockroach bites you.
You puncture the giant cockroach!
You kill the giant cockroach!
There is a stone staircase leading up here.
The hobgoblin shouts!
There are no items here.
A hobgoblin comes into view.
Reach: a) +0 trident
Press: ? - help, Dir - move target, f - hobgoblin
Aim: a hobgoblin (wandering, hasn't noticed you, about 44% to evade your +0 trident)
You barely miss the hobgoblin.
The hobgoblin shouts!
You block the hobgoblin's attack. The hobgoblin hits you.
You hit the hobgoblin but do no damage.
The hobgoblin throws a javelin.
The javelin pierces through you. You block the hobgoblin's attack.
You closely miss the hobgoblin.
Sigmund shouts!
You block the hobgoblin's attack. You block the hobgoblin's attack.
You hit the hobgoblin.
The hobgoblin is moderately wounded.
The hobgoblin hits you. You block the hobgoblin's attack.
You hit the hobgoblin but do no damage.
The hobgoblin is moderately wounded.
The hobgoblin hits you but does no damage.
You hit the hobgoblin.
You kill the hobgoblin!
Sigmund screams, "Don't try to resist!"
Your Dodging skill increases to level 1!
As you read the scroll labelled WENECOCL PUMA, it crumbles to dust.
You feel a strange sense of stasis.
It was a scroll of teleportation.
You block the hobgoblin's attack.
As you read the scroll labelled ERU VAEWNAILU, it crumbles to dust.
Your body is wracked with pain!
The hobgoblin convulses!
Sigmund convulses!
The quokka convulses!
It was a scroll of torment.
Sigmund hits you from afar with a +2 scythe of flaming!
* * * LOW HITPOINT WARNING * * *
Sigmund burns you.
You die...

## .## #.. ##..
...######.# ...
######........###
..#
#.........#.....##.#
#...........# #....#
#....).....####..#
#..........@g@r..#
#........<.#####.#
##. #..........#
#.##.....
#..........#
#...{.@r.
#.........##
##.#####.
#.........# {.#
#.........# ##
#####.##### #.#


You could see Sigmund, a quokka and a hobgoblin.

Vanquished Creatures
  A giant cockroach (D:2)
  3 goblins (D:1)
  5 hobgoblins
  9 jackals (D:1)
  2 quokkas (D:1)
  5 ball pythons (D:1)
  2 bats (D:1)
  A frilled lizard (D:2)
  2 kobolds (D:1)
  3 rats
33 creatures vanquished.

Notes
Turn   | Place    | Note
-------+----------+-------------------------------------------
     0 | D:1      | thriggle the Formicid Fighter began the quest for the Orb.
     0 | D:1      | Reached XP level 1. HP: 18/18 MP: 1/1
   247 | D:1      | Found Duut's Magic Scroll Shop.
   287 | D:1      | Reached XP level 2. HP: 14/24 MP: 2/2
   550 | D:1      | You fall into a shaft and drop 1 floor!
   823 | D:1      | Reached skill level 1 in Stealth
   823 | D:1      | Reached XP level 3. HP: 25/29 MP: 3/3
  1271 | D:1      | Bought a scroll of magic mapping for 35 gold pieces
  1271 | D:1      | Bought a scroll of noise for 10 gold pieces
  1279 | D:2      | Noticed Sigmund
  1493 | D:2      | Reached skill level 1 in Dodging
  1494 | D:2      | Slain by Sigmund

Illustrated notes

Levels and vault maps discovered:
D:1:      wheals_arrival_linesprint, layout_basic, serial_shops, shop
D:2:      layout_rooms, chequers_ecumenical_altar_twisty, minivault_23,
          uniq_natasha, uniq_sigmund

Skill      XL: |  1  2  3 |
---------------+----------+-----
Stealth        | 1 |  1.3
Dodging        | 1 |  1.0
Fighting       | |  3.6
Polearms       | |  2.3
Armour         | |  3.6
Shields        | |  3.8

Action                   || total
-------------------------++-------
Melee: Trident           ||   126
Throw: Stone             ||     3
 Abil: Shaft Self        ||     1
  Use: Potion            ||     1
       Scroll            ||     2
Armor: Scale mail        ||    40
Dodge: Dodged            ||    44
Block: Kite shield       ||    68

Table legend: (Time is in decaauts)
 A = Elapsed time spent in this place.
 B = Non-inter-level travel time spent in this place.
 C = Inter-level travel time spent in this place.
 D = Time resting spent in this place.
 E = Time spent auto-exploring this place.
 F = Levels seen in this place.
 G = Mean time per level.
                   A        B        C        D        E       F      G
               +--------+--------+--------+--------+--------+-----+--------+
         Total |   1542 |   1406 |    136 |    653 |    373 |   2 |  771.0 |
       Dungeon |   1542 |   1406 |    136 |    653 |    373 |   2 |  771.0 |
               +--------+--------+--------+--------+--------+-----+--------+

Top non-repeatable levels by time:
     D:1: 1223 daAuts
     D:2: 318 daAuts
